 Dungeon Crawl Stone Soup version 0.29-a0-887-gcbe080d7e0 (webtiles) character file.

Game seed: 17101142532433157033

3614 jimonade the Covert (level 9, -1/52 HPs)
             Began as a Vampire Brigand on July 21, 2022.
             Was a Follower of Uskayaw.
             Slain by a wolf (4 damage)
             ... led by Grum
             ... on level 7 of the Dungeon.
             The game lasted 00:33:06 (13031 turns).

jimonade the Covert (Vampire Brigand)              Turns: 13031, Time: 00:33:08

Health: -1/52      AC:  0    Str:  8 (10) XL:     9   Next: 86%
Magic:  13/15      EV: 23    Int: 11 (13) God:    Uskayaw [*.....]
Gold:   1285       SH:  0    Dex: 23 (25) Spells: 17/17 levels left

rFire   . . .      SeeInvis +   (weapon currently unavailable)
rCold   + + .      Faith    .   (shield currently unavailable)
rNeg    + + +      Spirit   .   (body armour currently unavailable)
rPois   ∞          Reflect  .   (helmet currently unavailable)
rElec   .          Harm     .   (cloak currently unavailable)
rCorr   .          Rampage  .   (gloves currently unavailable)
Will    .....                   (boots currently unavailable)
Stlth   ++++++++..              (no amulet)
HPRegen 0.00/turn               (ring currently unavailable)
MPRegen 0.14/turn               (ring currently unavailable)

@: bat-form, flying, bloodless, inhibited regen, studying Polearms, very quick
A: fast, flying, no casting, tiny, bloodless, fangs 3, see invisible, vampiric 2
a: Revivify, End Transformation, Renounce Religion, Stomp


You were on level 7 of the Dungeon.
You worshipped Uskayaw.
Uskayaw was noncommittal.
You were a vampire bat.
You visited 1 branch of the dungeon, and saw 8 of its levels.

You collected 1285 gold pieces.

Inventory:

Hand Weapons
 a - a +3 dagger of venom (melded)
 b - a +2 whip of electrocution
 f - a +2 dagger
 h - a +0 rapier
 r - a +1 hand axe of venom
 v - the +2 mace of the Dull God {vorpal, Contam rElec Dex+3}
   (You found it on level 2 of the Dungeon)

   It inflicts extra damage upon your enemies.
   Dex:       It affects your dexterity (+3).
   rElec:     It insulates you from electricity.
   Contam:    It causes magical contamination when unequipped.
 A - a +0 sling
 H - the +3 broad axe "Mewiruir" {antimagic, rElec Will- Dex+4}
   (You found it on level 6 of the Dungeon)

   It reduces the magical energy of the wielder, and disrupts the spells and
   magical abilities of those it strikes.
   Natural abilities and divine invocations are not affected.
   Dex:       It affects your dexterity (+4).
   rElec:     It insulates you from electricity.
   Will:      It decreases your willpower.
 K - a +3 spear
 N - a +0 sling
Missiles
 d - 10 poisoned darts (quivered)
 e - 4 curare-tipped darts
 C - 5 boomerangs
Armour
 m - a +0 leather armour (melded)
 s - a +0 pair of gloves (melded)
 w - a +0 robe
 y - a +0 helmet (melded)
 D - a +0 chain mail
 J - a +0 cloak (melded)
 O - a +0 pair of boots (melded)
Magical Staves
 G - a staff of death
Jewellery
 p - a +6 ring of strength (melded)
 I - a +6 ring of intelligence (melded)
Wands
 u - a wand of digging (1)
 L - a wand of polymorph (4)
 M - a wand of light (10)
Scrolls
 g - 2 scrolls of fear
 i - a scroll of summoning
 j - 2 scrolls of magic mapping
 k - 2 scrolls of blinking
 l - a scroll of enchant armour {unknown}
 n - 2 scrolls of poison
 o - 3 scrolls of teleportation
 t - 5 scrolls of identify
Potions
 c - 2 potions of ambrosia
 q - 2 potions of curing
 x - 4 potions of brilliance
 z - a potion of mutation
 B - 2 potions of might {unknown}
 E - a potion of berserk rage {unknown}
 F - a potion of heal wounds {unknown}


   Skills:
 + Level 4.2 Fighting
 + Level 5.9 Short Blades
 - Level 0.4 Maces & Flails
 - Level 1.5 Throwing
 + Level 4.0 Armour
 + Level 4.7 Dodging
 + Level 13.0 Stealth
 * Level 4.5 Spellcasting
 * Level 4.4 Invocations


You had 17 spell levels left.
You didn't know any spells.
Your spell library contained the following spells:

 Spells                   Type           Power      Damage    Failure   Level
 Sublimation of Blood     Necr           2%         N/A       34%         2
 Wereblood                Tmut           2%         N/A       34%         2
 Portal Projectile        Hex/Tloc       4%         N/A       56%         3
 Tukima's Dance           Hex            2%         N/A       56%         3
 Blade Hands              Tmut           1%         N/A       99%         5
 Summon Hydra             Summ           1%         N/A       100%        7


Dungeon Overview and Level Annotations

Branches:
Dungeon (8/15)             Temple (0/1) D:7
   Lair: D:8-11

Altars:
Dithmenos
Gozag
Hepliaklqana
Kikubaaqudgha
Makhleb
Uskayaw

Annotations:
D:5 exclusion: 2 downstairs
D:8 Grum, Joseph, Psyche


Innate Abilities, Weirdness & Mutations

You are a vampire bat.
You are tiny and dextrous.
You move quickly.
You are flying.
You are immune to poison.
Your equipment is almost entirely melded.
You are incapable of wielding weapons or throwing items.
You cannot cast spells.
You do not regenerate when monsters are visible.
You are frail without blood (-20% HP).
You can heal yourself when you bite living creatures.
You are immune to poison.
You have razor-sharp teeth.
You have supernaturally acute eyesight. (SInv)
You are afflicted with vampirism and can become a bat while bloodless.


Message History

The wolf bites you but does no damage.
You hit the wolf but do no damage.
The wolf looks even sicker.
You bite the wolf, but do no damage.
The wolf is moderately wounded.
The wolf barely misses you. The wolf bites you but does no damage.
You miss the wolf. Your bite misses the wolf.
The wolf is moderately wounded.
The wolf closely misses you. The wolf completely misses you.
The wolf bites you. x2
You hit the wolf but do no damage.
The wolf looks as sick as possible!
The wolf is moderately wounded.
The wolf bites you but does no damage. The wolf closely misses you.
You barely miss the wolf.
The wolf is moderately wounded.
The wolf closely misses you. x2
You hit the wolf.
The wolf is moderately wounded.
The wolf bites you.
* * * LOW HITPOINT WARNING * * *
The wolf bites you but does no damage.
You hit the wolf.
The wolf looks as sick as possible!
The wolf is almost dead.
The wolf bites you!
* * * LOW HITPOINT WARNING * * *
The wolf bites you.
* * * LOW HITPOINT WARNING * * *
You turn into a vampire bat.
Your +3 dagger of venom melds into your body.
Your +0 cloak melds into your body.
Your +0 helmet melds into your body.
Your +0 pair of gloves melds into your body.
Your +0 pair of boots melds into your body.
Your +0 leather armour melds into your body.
Your +6 ring of strength melds into your body.
Your +6 ring of intelligence melds into your body.
Your +3 dagger of venom stops dripping with poison.
You feel weaker.
You feel stupid.
You feel weakened.
You feel dopey.
You feel clumsy.
You kill the wolf!
The wolf bites you.
You die...

############.# #.#
#............# #.#
#............# #.#
#####............# #.#
....#............######### #.#
.##.#............#.......# #.#
....#............#.......# #.#
....#...........h#.......# #.#
................b.o.>)...# #.#
................##o.[....#####.#
...#####.#..########...........#
...# ###.#..##...........)######
...# #....................# ...#
#....................#
...###....................#
....####.#..##............#
....## #.#...........######


You could see a wolf (poisoned) and 2 orcs.

Vanquished Creatures
  A two-headed ogre (D:6)
  2 hornets
  Menkaure (D:7)
  2 orc warriors
  A sky beast (D:6)
  An ice beast (D:5)
  4 ogres
  2 wolves (D:7)
  A phantom (D:6)
  A kobold brigand (D:7)
  A bullfrog (D:8)
  2 necrophages (D:7)
  4 scorpions
  A water moccasin zombie (D:5)
  4 wights (D:6)
  A killer bee (D:5)
  A howler monkey (D:5)
  3 bullfrog zombies (D:5)
  6 hounds
  A centaur zombie (D:5)
  2 orc priests
  2 iguanas
  A scorpion zombie (D:5)
  2 orc wizards
  A hound zombie (D:5)
  2 hound skeletons (D:5)
  2 howler monkey zombies (D:5)
  Robin (D:2)
  6 gnolls
  4 adders
  An adder zombie (D:5)
  4 worms
  2 dart slugs
  28 orcs
  6 endoplasms
  A giant cockroach (D:2)
  17 goblins
  9 hobgoblins
  4 jackals
  10 kobolds
  6 quokkas
  10 ball pythons
  4 bats
  3 frilled lizards
  5 rats
173 creatures vanquished.

Vanquished Creatures (others)
  An endoplasm (D:1)
  4 withered plants (D:5)
5 creatures vanquished.

Grand Total: 178 creatures vanquished

Notes
Turn   | Place    | Note
-------+----------+-------------------------------------------
     0 | D:1      | jimonade the Vampire Brigand began the quest for the Orb.
     0 | D:1      | Reached XP level 1. HP: 16/16 MP: 1/1
    21 | D:1      | Reached skill level 6 in Stealth
   232 | D:1      | Reached XP level 2. HP: 14/17 MP: 2/2
   582 | D:1      | Found a faded altar of an unknown god.
   607 | D:1      | Reached skill level 7 in Stealth
   953 | D:2      | Gained mutation: You are afflicted with vampirism and can
                  | become a bat while bloodless. [Vampire growth]
   953 | D:2      | Reached XP level 3. HP: 9/21 MP: 3/3
  1120 | D:1      | Upgraded the game from 0.29-a0-885-gb26ba3297d to
                  | 0.29-a0-887-gcbe080d7e0
  1720 | D:2      | Identified the +2 mace of the Dull God {vorpal, Contam
                  | rElec Dex+3}
  1729 | D:2      | Noticed Robin
  1921 | D:2      | Found a hide-covered altar of Uskayaw.
  2136 | D:2      | Reached XP level 4. HP: 26/26 MP: 4/4
  2164 | D:2      | Killed Robin
  2165 | D:2      | Reached skill level 8 in Stealth
  2395 | D:2      | Became a worshipper of Uskayaw the Reveller
  2573 | D:3      | Reached * piety under Uskayaw
  3146 | D:3      | Reached ** piety under Uskayaw
  3149 | D:3      | Reached skill level 1 in Armour
  3221 | D:4      | Reached *** piety under Uskayaw
  3252 | D:4      | Reached XP level 5. HP: 25/30 MP: 5/5
  3616 | D:4      | Noticed an ogre
  4240 | D:4      | Reached skill level 1 in Invocations
  4407 | D:4      | Reached skill level 9 in Stealth
  4463 | D:4      | HP: 1/30 [orc wizard/magic dart (5)]
  4897 | D:4      | Reached skill level 1 in Spellcasting
  5102 | D:4      | Reached XP level 6. HP: 34/35 MP: 7/7
  5219 | D:4      | Identified a scroll of acquirement
  5219 | D:4      | Acquired 901 gold pieces
  5243 | D:5      | Entered Level 5 of the Dungeon
  5718 | D:5      | Reached XP level 7. HP: 37/40 MP: 9/9
  5795 | D:5      | Reached skill level 10 in Stealth
  7176 | D:5      | Found a shadowy altar of Dithmenos.
  7244 | D:5      | Found an opulent altar of Gozag.
  7517 | D:6      | Reached XP level 8. HP: 45/45 MP: 11/11
  7564 | D:6      | Identified the +3 broad axe "Mewiruir" {antimagic, rElec
                  | Will- Dex+4}
  8258 | D:6      | Found a hazy altar of Hepliaklqana.
  8319 | D:6      | Reached skill level 11 in Stealth
  8339 | D:6      | Noticed a two-headed ogre
  8520 | D:6      | Killed a two-headed ogre
  8521 | D:6      | Reached skill level 5 in Short Blades
  8906 | D:6      | Reached XP level 9. HP: 8/51 MP: 14/14
  9272 | D:5      | Reached skill level 12 in Stealth
 10753 | D:7      | Found a burning altar of Makhleb.
 10781 | D:7      | Found an ancient bone altar of Kikubaaqudgha.
 10999 | D:7      | Noticed Menkaure
 11035 | D:7      | Killed Menkaure
 11587 | D:7      | Found a staircase to the Ecumenical Temple.
 11769 | D:8      | Noticed Grum
 12098 | D:7      | Reached skill level 13 in Stealth
 12146 | D:8      | Noticed Joseph
 12531 | D:8      | Noticed Psyche
 13031 | D:7      | Slain by a wolf

Illustrated notes

Levels and vault maps discovered:
D:1:      minmay_arrival_three_doors, layout_loops_ring,
          shapermc_ecumenical_altar_acropolis
D:2:      layout_rooms, basic_altar, uniq_robin
D:3:      layout_basic, minmay_misc_feat_chi, minmay_shallow_snake_nest
D:4:      layout_basic
D:5:      layout_loops_corners, pdpol_temple_overflow_zin_treasury_gozag_greed,
          kennysheep_mini, serial_undead, serial_undead_d, serial_undead_a,
          serial_undead_f, serial_undead_c, serial_undead_b, serial_undead_e,
          minmay_manual_maat
D:6:      layout_gridville, nicolae_overflow_two_pavilions
D:7:      layout_basic, mainiacjoe_overflow_large_starburst,
          minmay_temple_entry_butterflies, uniq_menkaure
D:8:      layout_rooms, uniq_psyche, uniq_joseph, uniq_grum

Skill      XL: |  1  2  3  4  5  6  7  8  9 |
---------------+----------------------------+-----
Stealth        | 6 7 8 9 10 11 13 | 13.0
Fighting       | 2 3 4 |  4.2
Armour         | 1 2 3 4 |  4.0
Invocations    | 1 2 3 4 |  4.4
Spellcasting   | 1 2 3 4 |  4.5
Short Blades   | 3 4 5 |  5.9
Dodging        | 2 3 4 |  4.7
Maces & Flails | |  0.4
Throwing       | |  1.5

Action                   |  1- 3 |  4- 6 |  7- 9 || total
-------------------------+-------+-------+-------++-------
Melee: Whip              |    91 |       |   105 ||   196
       Dagger            |    16 |   150 |   246 ||   412
       Bite              |     9 |    19 |    45 ||    73
       Punch             |     1 |     2 |     7 ||    10
Throw: Dart              |       |       |    25 ||    25
       Boomerang         |       |       |     3 ||     3
 Abil: Exsanguinate      |     1 |       |       ||     1
       Bat Form          |       |     2 |     3 ||     5
       End Transformatio |       |     2 |     2 ||     4
  Use: Scroll            |       |    13 |       ||    13
 Stab: Sleeping          |    22 |    16 |     9 ||    47
       Paralysed         |       |     1 |       ||     1
       Distracted        |       |     1 |       ||     1
Armor: Robe              |    16 |       |       ||    16
       Leather armour    |    28 |    36 |   107 ||   171
Dodge: Dodged            |    46 |    67 |   206 ||   319

Table legend: (Time is in decaauts)
 A = Elapsed time spent in this place.
 B = Non-inter-level travel time spent in this place.
 C = Inter-level travel time spent in this place.
 D = Time resting spent in this place.
 E = Time spent auto-exploring this place.
 F = Levels seen in this place.
 G = Mean time per level.
                   A        B        C        D        E       F      G
               +--------+--------+--------+--------+--------+-----+--------+
         Total |  12898 |  12097 |    801 |   4387 |   4467 |   8 | 1612.2 |
       Dungeon |  12898 |  12097 |    801 |   4387 |   4467 |   8 | 1612.2 |
               +--------+--------+--------+--------+--------+-----+--------+

Top non-repeatable levels by time:
     D:5: 2781 daAuts
     D:4: 2508 daAuts
     D:6: 1912 daAuts
     D:7: 1811 daAuts
     D:3: 1285 daAuts
     D:1: 1263 daAuts
     D:2: 1203 daAuts
     D:8: 132 daAuts
